 Dungeon Crawl Stone Soup version 0.23-a0-78-gc252fe1 (webtiles) character file.

84 Amnesiac the Gusty (level 4, 0/30 HPs)
             Began as a Mummy Air Elementalist on Aug 10, 2018.
             Was an Initiate of Sif Muna.
             Slain by a scorpion (9 damage)
             ... on level 2 of the Dungeon.
             The game lasted 00:03:52 (1964 turns).

Amnesiac the Gusty (Mummy Air Elementalist)         Turns: 1964, Time: 00:03:53

Health: 0/30       AC:  5    Str: 11    XL:     4   Next: 24%
Magic:  9/9        EV: 12    Int: 15    God:    Sif Muna [......]
Gold:   72         SH:  0    Dex: 12    Spells: 9/10 levels left

rFire    x . .     SeeInvis .   a - +2 quarterstaff (speed)
rCold    + + .     Gourm    .   (shield currently unavailable)
rNeg     + + +     Faith    .   c - +0 robe
rPois    ∞         Spirit   .   l - +0 helmet (curse)
rElec    .         Reflect  .   h - +1 cloak
rCorr    .         Harm     .   (no gloves)
MR       .....                  (no boots)
Stlth    ++........             (no amulet)
HPRegen  0.10/turn              j - ring of protection from cold
MPRegen  0.11/turn              (no ring)

@: no status effects
A: no food or potions, fire vulnerability, cold resistance 1, negative energy
resistance 3, torment resistance, unbreathing
a: Renounce Religion


You were on level 2 of the Dungeon.
You worshipped Sif Muna.
Sif Muna was noncommittal.
You were not hungry.

You visited 1 branch of the dungeon, and saw 4 of its levels.

You collected 72 gold pieces.

Inventory:

Hand Weapons
 a - a +2 quarterstaff of speed (weapon)
 b - a +0 short sword of electrocution
 k - a +2 short sword of draining
Armour
 c - a +0 robe (worn)
 h - a +1 cloak (worn)
 l - a cursed +0 helmet (worn)
Jewellery
 j - a ring of protection from cold (left hand)
Scrolls
 f - a scroll of fear {!r, unknown}
 g - a scroll of fog {!r, unknown}
 i - 2 scrolls of enchant armour {!r}
 m - a scroll of random uselessness {!r, unknown}
 n - a scroll of remove curse {!r, unknown}


   Skills:
 + Level 1.2 Staves
 - Level 1.5 Dodging
 - Level 1.5 Stealth
 - Level 3.5 Spellcasting
 - Level 0.7 Conjurations
 - Level 3.5 Air Magic


You had 9 spell levels left.
You knew the following spells:

 Your Spells              Type           Power        Failure   Level  Hunger
a - Shock                 Conj/Air       #...         8%          1    N/A

Your spell library contained the following spells:

 Spells                   Type           Power        Failure   Level  Hunger
 Lightning Bolt           Conj/Air       #.........   91%         5    N/A
 Swiftness                Chrm/Air       #.......     14%         2    N/A
 Airstrike                Air            ##........   41%         4    N/A
 Static Discharge         Conj/Air       #.......     24%         3    N/A

Dungeon Overview and Level Annotations

Branches:
Dungeon (4/15)             Temple (0/1) D:4

Altars:
Sif Muna

Annotations:
D:3 Grinder


Innate Abilities, Weirdness & Mutations

You do not eat or drink.
Your flesh is vulnerable to fire.
You are immune to poison.
Your flesh is cold resistant. (rC+)
You are immune to negative energy. (rN+++)
You are immune to unholy pain and torment.
You can survive without breathing.


Message History

HP restored.
An orc comes into view. It is wielding a falchion.
Really read
d - a scroll labeled QIODIS FUDEVI {!r}?
As you read the scroll labeled QIODIS FUDEVI {!r}, it crumbles to dust.
It is a scroll of enchant weapon.
Your +1 quarterstaff of speed glows red for a moment.
The orc shouts!
Found a deep blue altar of Sif Muna.
Really read
e - a scroll labeled YCHECKURAA {!r}?
As you read the scroll labeled YCHECKURAA {!r}, it crumbles to dust.
You feel strangely unstable.
It was a scroll of teleportation {!r}.
Your surroundings suddenly seem different.
A gnoll comes into view. It is wielding a club.
Found four items.
A scorpion comes into view.
You see here a grey potion {!q}.
The gnoll closely misses you.
Found a stone staircase leading down.
A quokka comes into view.
An orc priest comes into view.
The orc priest shouts!
The orc priest calls down the wrath of Beogh upon you.
Beogh smites you!
* * * LOW HITPOINT WARNING * * *
There is an open door here.
There is a deep blue altar of Sif Muna here.
You kneel at the altar of Sif Muna.
Sif Muna welcomes you! The scorpion closely misses you.
The orc priest calls down the wrath of Beogh upon you.
Beogh smites you!
* * * LOW HITPOINT WARNING * * *
There is an open door here.
Found a staircase to the Ecumenical Temple.
The quokka twitches its whiskers.
The scorpion completely misses you.
The orc priest miscasts a cantrip.
Found a runed gold wand.
There is a stone staircase leading up here.
The scorpion stings you!
* * * LOW HITPOINT WARNING * * *
You climb upwards.
The frilled lizard hisses angrily.
There is a stone staircase leading down here.
An orc comes into view. It is wielding a dagger.
Grinder comes into view.
Grinder shouts!
Found a scroll labeled COEKHAG VIAF.
Grinder blinks!
An orc comes into view. It is wielding a club.
The orc moves out of view.
An orc comes into view. It is wielding a morningstar.
Grinder blinks!
The orc shouts!
An orc comes into view. It is wielding a whip.
Okay, then.
There is a stone staircase leading up here.
Grinder blinks!
The scorpion closely misses you.
You climb upwards.
There is a stone staircase leading down here.
Things that are here:
a whip; a club You open the door.
The scorpion stings you!
You die...

#.........### #.###.......#
########.###.#.#.#.#
#................# #
#.######.###.....# ### ##.###
#.####....# ..# #....#
#.........# #.# #..#.#
#######s### #.# #.†#.# #@# #.#
#..#.# ##'# #.# #..#.# ##...##
######.### #..#.## ##.....##
#........# #..#..## ##.......##
#.#.(..#.#
#.....[####.........###........#
##........+.........'...........
#..(..####.........##.........#
####.## #.......###..#....#.#


You could see a scorpion.

Vanquished Creatures
  5 adders
  2 dart slugs (D:1)
  A leopard gecko (D:4)
  4 bats
  2 giant cockroaches (D:1)
  2 goblins
  6 hobgoblins
  A frilled lizard (D:1)
  8 kobolds
  4 rats
35 creatures vanquished.

Notes
Turn   | Place    | Note
-------+----------+-------------------------------------------
     0 | D:1      | Amnesiac the Mummy Air Elementalist began the quest for the Orb.
     0 | D:1      | Reached XP level 1. HP: 13/13 MP: 4/4
   234 | D:1      | Reached XP level 2. HP: 13/19 MP: 5/5
  1163 | D:2      | Reached XP level 3. HP: 24/24 MP: 7/7
  1304 | D:2      | HP: 1/24 [kobold/club (4)]
  1748 | D:4      | Reached skill level 1 in Staves
  1748 | D:4      | Reached XP level 4. HP: 24/30 MP: 9/9
  1826 | D:4      | Found a deep blue altar of Sif Muna.
  1863 | D:4      | Became a worshipper of Sif Muna the Loreminder
  1867 | D:4      | Found a staircase to the Ecumenical Temple.
  1912 | D:3      | Noticed Grinder
  1964 | D:2      | Slain by a scorpion

Vault maps used:
D:1:      saegor_arrival_simple_b, serial_co_window_serial, co_window_paths_a,
          co_window_paths_a, co_window_of_opportunity_a, co_window_corner_a,
          co_window_of_opportunity_a, co_window_2corner, co_window_2corner,
          co_window_of_opportunity_b, co_window_paths_c, co_window_corner_cb,
          co_window_corner_b, co_window_paths_d, glass_columns_a,
          glass_columns_b
D:3:      yredelemnul_altar_generic, first_ration,
          nicolae_dithmenos_through_a_glass_darkly, uniq_sigmund,
          uniq_crazy_yiuf_cottage, uniq_grinder
D:4:      kennysheep_little_box, minmay_temple_entry_statues_fountains,
          minmay_unequal

Skill      XL: |  1  2  3 |
---------------+----------+-----
Air Magic      | 3 |  3.5
Spellcasting   | 3 |  3.5
Staves         | 1 |  1.2
Dodging        | |  1.5
Stealth        | |  1.5
Conjurations   | |  0.7

Action                   |  1- 3 |  4- 6 || total
-------------------------+-------+-------++-------
Melee: Short sword       |    69 |       ||    69
       Unarmed           |     2 |       ||     2
       Quarterstaff      |    27 |     6 ||    33
 Cast: Shock             |     6 |       ||     6
  Use: Scroll            |     1 |     2 ||     3
 Stab: Sleeping          |     4 |       ||     4
Armor: Robe              |    21 |       ||    21
Dodge: Dodged            |    69 |     7 ||    76

Table legend:
 A = Non-vault XP
 B = Vault XP
 C = Vault XP percentage of total XP
 D = Non-vault monster count
 E = Vault monster count
 F = Vault count percentage of total count
 G = Total turns spent on level
                 A         B        C        D         E       F
            +---------+---------+-------+---------+---------+-------
      Total |     121 |       0 |   0.0 |      35 |       0 |   0.0
            +---------+---------+-------+---------+---------+-------
        D:1 |      40 |       0 |   0.0 |      22 |       0 |   0.0
        D:2 |      38 |       0 |   0.0 |       9 |       0 |   0.0
        D:4 |      43 |       0 |   0.0 |       4 |       0 |   0.0
            +---------+---------+-------+---------+---------+-------
